 Dungeon Crawl Stone Soup version 0.14-a0-2632-gd2f732a (webtiles) character file.

630 Psiweapon the Vexing (level 6, -1/41 HPs)
             Began as a Vampire Enchanter on Feb 15, 2014.
             Was a Follower of Dithmenos.
             Slain by a mummy (9 damage)
             ... in an ossuary.
             The game lasted 00:36:29 (4819 turns).

Psiweapon the Vexing (Vampire Enchanter)            Turns: 4819, Time: 00:36:29

HP  -1/41        AC  5     Str  8      XL: 6   Next: 96%
MP   2/10        EV 14     Int 18      God: Dithmenos [*.....]
Gold 126         SH  0     Dex 14      Spells:  3 memorised,  2 levels left

rFire  . . .     SeeInvis +     D - +1 dwarf short sword
rCold  + . .     Clarity  .     b - +1 robe (curse)
rNeg   + + +     Conserve .     (no shield)
rPois  +         rCorr    .     (no helmet)
rElec  .         rRot     +     M - +0 cloak
SustAb . .       Spirit   .     i - +0 pair of orc gloves
rMut   .         Warding  +     (no boots)
Saprov . . .     Stasis   .     m - cursed amulet of warding
MR     +....                    (no ring)
                                n - ring of protection from magic

@: regenerating slowly, very slightly contaminated, wreathed by umbra, somewhat
resistant to hostile enchantments, very stealthy
A: bottle blood, fangs 3, see invisible, unbreathing
a: Bat Form, Bottle Blood, Renounce Religion


You were in an ossuary.
You worshipped Dithmenos.
Dithmenos was aware of your devotion.
You were very thirsty.

You visited 2 branches of the dungeon, and saw 7 of its levels.
You also visited: Ossuary.

You collected 126 gold pieces.

Inventory:

Hand weapons
 a - a +1,+1 dagger
 p - a +0,+0 sling
 D - a +1,+1 dwarven short sword (weapon)
 L - a +2,+3 quarterstaff of chaos
 N - a +0,+1 hammer of protection
 P - a +3,+0 sling
Missiles
 d - 52 darts (quivered)
 g - 3 javelins of returning
 o - 11 poisoned needles
 C - 5 needles of confusion
 J - 30 sling bullets
Armour
 b - a cursed +1 robe (worn)
 i - a +0 pair of orcish gloves (worn)
 z - a +0 leather armour
 M - a +0 cloak (worn)
Magical devices
 E - a wand of random effects (10)
 G - a wand of invisibility (3)
 R - a wand of flame (11)
Scrolls
 f - 2 scrolls of remove curse {unknown}
 k - 2 scrolls of enchant weapon II {unknown}
 l - a scroll of curse jewellery {unknown}
 q - a scroll of fear {unknown}
 t - a scroll of enchant weapon I {unknown}
 u - a scroll of identify
 w - a scroll of recharging {unknown}
 y - 2 scrolls of blinking {unknown}
 B - 3 scrolls of immolation {unknown}
 H - 3 scrolls of noise {unknown}
 I - 2 scrolls of teleportation {unknown}
 O - a scroll of random uselessness {unknown}
 Q - a scroll of curse weapon {unknown}
Jewellery
 e - an uncursed amulet of clarity {unknown}
 m - a cursed amulet of warding (around neck)
 n - a ring of protection from magic (left hand)
Potions
 h - 6 potions of curing
 j - 2 potions of agility
 r - a potion of beneficial mutation
 x - a potion of speed
 A - 2 potions of flight
 F - a potion of restore abilities
Books
 c - a book of Maledictions

   Spells                             Type                      Level
   *Corona                            Hexes                        1
   Sure Blade                         Hexes/Charms                 2
   *Ensorcelled Hibernation           Hexes/Ice                    2
   Confuse                            Hexes                        3
   *Enslavement                       Hexes                        4
   Invisibility                       Hexes                        6


   Skills:
 + Level 3.8 Short Blades
 - Level 1.3 Throwing
 + Level 4.3 Dodging
 + Level 6.5 Stealth
 - Level 2.0 Spellcasting
 + Level 6.7 Hexes


You had 2 spell levels left.
You knew the following spells:

 Your Spells              Type           Power        Failure   Level  Hunger
a - Corona                Hex            ####...      1%          1    #......
b - Ensorcelled Hibernat  Hex/Ice        ##....       10%         2    ##.....
c - Enslavement           Hex            ####....     14%         4    #####..


Dungeon Overview and Level Annotations

Branches:
Dungeon (6/16)             Temple (1/1) D:4

Altars:
Ashenzari
Cheibriados
Dithmenos
Elyvilon
Fedhas
Kikubaaqudgha
Makhleb
Nemelex Xobeh
Sif Muna
Vehumet
Yredelemnul
Zin
The Shining One

Annotations:
D:4 1 exclusion, CrazyArbalest's ghost, average DsHu; Edmund


Innate Abilities, Weirdness & Mutations

You heal slowly.
You can bottle blood from corpses.
You have razor-sharp teeth.*
You have supernaturally acute eyesight.
You can survive without breathing.*


Message History

Press: ? - help, Shift-Dir - straight line, f/p - mummy
Aim: a mummy (heavily damaged, umbra) Dithmenos forgives your accidental fire-starting, just this once.
The puff of flame hits the mummy.
The mummy is burned terribly!
The mummy is severely damaged.
R - a wand of flame {zapped: 1} The big kobold zombie hits you but does no damage.
The mummy hits you!
* * * LOW HITPOINT WARNING * * *
Drink which item? (? for menu, Esc to quit)
You feel much better. The orc zombie completely misses you.
The big kobold zombie hits you. The mummy hits you.
* * * LOW HITPOINT WARNING * * *
There is an empty arch of ancient stone here.
There is a gate leading back out of here here.
The big kobold zombie hits you.
* * * LOW HITPOINT WARNING * * *
The mummy hits you!
You die...

#(...#
#....#
#....#
#....#
#....#
#..M.#
#.zM.#
#.zM.#
#.∩@.#
######


You could see 3 mummies, a big kobold zombie and an orc zombie.

Vanquished Creatures
  An ogre (D:4)
  A crimson imp (D:6)
  2 orc wizards (D:4)
  Crazy Yiuf (D:3)
  An orc priest (D:4)
  2 worker ants (D:4)
  Jessica (D:2)
  2 mummies
  11 adders
  2 worms
  3 giant geckos
  5 orcs
  7 bats
  7 giant cockroaches
  3 gnoll zombies (Ossuary)
  7 hobgoblins
  10 jackals
  A quokka (D:2)
  2 ball pythons
  9 giant newts
  10 goblins
  A hobgoblin zombie (Ossuary)
  8 kobolds
  2 orc zombies (Ossuary)
  A quokka skeleton (D:4)
  10 rats
110 creatures vanquished.

Notes
Turn   | Place    | Note
--------------------------------------------------------------
     0 | D:1      | Psiweapon, the Vampire Enchanter, began the quest for the Orb.
     0 | D:1      | Reached XP level 1. HP: 13/13 MP: 3/3
   546 | D:1      | Reached XP level 2. HP: 14/19 MP: 2/4
   827 | D:1      | Learned a level 2 spell: Ensorcelled Hibernation
  1036 | D:1      | Reached skill level 1 in Throwing
  1373 | D:2      | Reached XP level 3. HP: 18/24 MP: 0/6
  1646 | D:2      | Noticed Jessica
  1663 | D:2      | Killed Jessica
  1795 | D:2      | Reached skill level 5 in Hexes
  1848 | D:2      | Reached XP level 4. HP: 30/30 MP: 7/7
  2538 | D:2      | Reached skill level 5 in Stealth
  2847 | D:3      | Reached XP level 5. HP: 35/35 MP: 2/9
  3259 | D:3      | Noticed Crazy Yiuf
  3263 | D:3      | Killed Crazy Yiuf
  3535 | D:4      | Found a white marble altar of Elyvilon.
  3537 | D:4      | Noticed CrazyArbalest's ghost (average DsHu)
  3790 | D:4      | Found a staircase to the Ecumenical Temple.
  3798 | Temple   | Entered the Ecumenical Temple
  3862 | Temple   | Became a worshipper of Dithmenos
  3884 | D:4      | Noticed an ogre
  3885 | D:4      | Reached XP level 6. HP: 41/41 MP: 10/10
  3890 | D:4      | Killed an ogre
  3890 | D:4      | Reached skill level 6 in Stealth
  4015 | D:5      | Entered Level 5 of the Dungeon
  4181 | D:4      | Noticed Edmund
  4612 | D:6      | Found a sand-covered staircase.
  4617 | Ossuary  | Entered an ossuary
  4682 | Ossuary  | Learned a level 4 spell: Enslavement
  4819 | Ossuary  | Slain by a mummy

Action                   |  1- 3 |  4- 6 || total
-------------------------+-------+-------++-------
Melee: Dagger            |   104 |   199 ||   303
       Short sword       |       |    93 ||    93
Throw: Dart              |    19 |     8 ||    27
 Cast: Corona            |     8 |       ||     8
       Ensorcelled Hiber |     8 |    55 ||    63
       Enslavement       |       |     1 ||     1
 Abil: End Transformatio |       |     6 ||     6
       Bat Form          |       |     6 ||     6
Evoke: Wand              |       |     3 ||     3
  Use: Scroll            |       |     8 ||     8
       Potion            |       |     1 ||     1
 Stab: Sleeping          |    10 |    48 ||    58
